 Dungeon Crawl Stone Soup version 0.31.0-9-g3a7656b989 (console) character file.

Game seed: 148245905417621871

10 AlterAsc the Shield-Bearer (level 2, -1/24 HPs)
             Began as a Formicid Fighter on Jan 28, 2024.
             Succumbed to a kobold's poison
             ... on level 1 of the Dungeon.
             The game lasted 00:00:27 (137 turns).

AlterAsc the Shield-Bearer (Formicid Fighter)        Turns: 137, Time: 00:00:27

Health: -1/24      AC:  6    Str: 20    XL:     2   Next: 30%
Magic:  2/2        EV:  9    Int:  7    God:
Gold:   51         SH:  5    Dex: 13    Spells: 1/1 levels left

rFire   . . .        a - +0 war axe
rCold   . . .        c - +0 buckler
rNeg    . . .        b - +0 scale mail
rPois   .            (helmet unavailable)
rElec   .            (no cloak)
rCorr   .            (no gloves)
SInv    +            (no boots)
Will    .....        (no amulet) Stlth
                     (no ring)
HPRegen 0.24/turn    (no ring)
MPRegen 0.08/turn

%: no passive effects
@: lethally poisoned (-1 -> -13)
A: permanent stasis, dig shafts and tunnels, antennae 3, four strong arms
a: Dig, Shaft Self


You were on level 1 of the Dungeon.
You visited 1 branch of the dungeon, and saw 1 of its levels.

You collected 51 gold pieces.

Inventory:

Hand Weapons
 a - a +0 war axe (weapon)
Armour
 b - a +0 scale mail (worn)
 c - a +0 buckler (worn)
Scrolls
 e - 2 scrolls of identify {unknown}
Potions
 d - a potion of might


   Skills:
 - Level 3.2 Fighting
 + Level 2.8 Axes
 - Level 3.2 Armour
 - Level 4.0 Shields


You had one spell level left.
You didn't know any spells.
Your spell library contained the following spells:

 Spells                   Type           Power      Damage    Failure   Level
 Animate Dead             Necr           0%         N/A       100%        4
 Borgnjor's Vile Clutch   Necr/Erth      0%         N/A       100%        5
 Death Channel            Necr           0%         N/A       100%        6


Dungeon Overview and Level Annotations

Branches:
Dungeon (1/15)

Altars:


Innate Abilities, Weirdness & Mutations

You cannot be hasted, slowed, berserked, paralysed or teleported.
You can dig through walls and to a lower floor.
You have a pair of large antennae on your head. (SInv)
Your four strong arms can wield two-handed weapons with a shield.


Message History

You now have 51 gold pieces (gained 16).
A rat comes into view.
A rat is nearby!
The rat squeaks loudly.
You hear a shout!
A rat comes into view.
The rat squeaks loudly.
A kobold comes into view. It is wielding a +0 dagger of venom.
The rat barely misses you.
You hit the rat.
You kill the rat!
You slash the rat!
You kill the rat!
The kobold throws a stone.
You block the stone.
You closely miss the kobold.
A kobold comes into view. It is wielding a +0 club.
The kobold hits you but does no damage.
You are poisoned.
You hit the kobold but do no damage.
You feel very sick. The kobold hits you but does no damage.
You are more poisoned.
The kobold hits you but does no damage.
You closely miss the kobold.
You feel very sick. The kobold barely misses you.
You barely miss the kobold.
You feel very sick. The kobold hits you but does no damage.
You are lethally poisoned!
You are too injured to fight recklessly!
You are too injured to fight recklessly!
You slash the kobold!
You kill the kobold!
* * * LOW HITPOINT WARNING * * *
You feel very sick. The kobold closely misses you.
* * * LOW HITPOINT WARNING * * *
You feel very sick.
You barely miss the kobold.
You die...

.~~~.......#.#
~≈≈≈~~.....'.#
≈≈≈≈≈≈~....#.#
############.#
......†...##
...........#
.......)##.....
........#######
.............##
...........#..###.#
##.....†...##@K)..#
...........####......#
##.........# .####.#
#.........# ## ,
#..........
##########.. ...


You could see a kobold.

Vanquished Creatures
  A ball python (D:1)
  2 endoplasms (D:1)
  A goblin (D:1)
  A hobgoblin (D:1)
  A bat (D:1)
  A frilled lizard (D:1)
  A kobold (D:1)
  2 rats (D:1)
10 creatures vanquished.

Notes
Turn   | Place    | Note
-------+----------+-------------------------------------------
     0 | D:1      | AlterAsc the Formicid Fighter began the quest for the Orb.
     0 | D:1      | Reached XP level 1. HP: 18/18 MP: 1/1
   106 | D:1      | Reached XP level 2. HP: 24/24 MP: 2/2
   137 | D:1      | Succumbed to a kobold's poison

Illustrated notes

Levels and vault maps discovered:
D:1:      nzn_arrival_depleted_hourglass, layout_rooms,
          shapermc_ecumenical_altar_mp_highgroup, minmay_lizard_king

Action                     || total
---------------------------++-------
  Melee: War axe           ||    20
 Armour: Scale mail        ||     9
  Dodge: Dodged            ||    10
  Block: Buckler           ||     3
